 Dungeon Crawl Stone Soup version 0.29-a0-553-g81b289dbe5 (webtiles) character file.

Game seed: 778977474005667351

297 KateP the Chopper (level 6, 0/56 HPs)
             Began as a Minotaur Fighter on June 6, 2022.
             Slain by a dart slug (2 damage)
             ... on level 4 of the Dungeon.
             The game lasted 00:02:32 (3079 turns).

KateP the Chopper (Minotaur Fighter)                Turns: 3079, Time: 00:02:34

Health: 0/56       AC:  8    Str: 23    XL:     6   Next: 12%
Magic:  5/5        EV:  9    Int:  5    God:
Gold:   115        SH:  4    Dex:  9    Spells: 5/5 levels left

rFire   . . .      SeeInvis .   a - +0 war axe
rCold   . . .      Faith    .   c - +0 buckler
rNeg    . . .      Spirit   .   b - +0 scale mail
rPois   .          Reflect  .   (helmet restricted)
rElec   .          Harm     .   (no cloak)
rCorr   .          Rampage  .   q - +0 pair of gloves
Will    .....                   (no boots)
Stlth   ..........              (no amulet)
HPRegen 0.18/turn               (no ring)
MPRegen 0.09/turn               (no ring)

@: mighty
A: horns 2, retaliatory headbutt
a: no special abilities


You were on level 4 of the Dungeon.
You visited 1 branch of the dungeon, and saw 4 of its levels.

You collected 115 gold pieces.

Inventory:

Hand Weapons
 a - a +0 war axe (weapon)
Armour
 b - a +0 scale mail (worn)
 c - a +0 buckler (worn)
 q - a +0 pair of gloves (worn)
Jewellery
 f - a ring of protection from fire
Scrolls
 e - a scroll of enchant weapon {unknown}
 i - a scroll of fog {unknown}
 j - 5 scrolls of identify {unknown}
 m - a scroll of vulnerability {unknown}
 p - a scroll of enchant armour {unknown}
 r - 3 scrolls of noise {unknown}
 s - a scroll of fear {unknown}
 u - a scroll of torment {unknown}
Potions
 g - a potion of invisibility {unknown}
 h - 2 potions of haste {unknown}
 k - 3 potions of heal wounds {unknown}
 l - a potion of flight {unknown}
 n - 2 potions of curing {unknown}
 o - a potion of brilliance {unknown}
 t - a potion of magic {unknown}
 v - a potion of resistance {unknown}


   Skills:
 + Level 5.1 Fighting
 * Level 5.8 Axes
 + Level 5.1 Armour
 - Level 3.6 Shields


You had 5 spell levels left.
You didn't know any spells.
Your spell library was empty.

Dungeon Overview and Level Annotations

Branches:
Dungeon (4/15)
 Temple: D:4-7

Altars:

Annotations:
D:4 Duvessa


Innate Abilities, Weirdness & Mutations

You have a pair of horns on your head.
You reflexively headbutt those who attack you in melee.


Message History

Duvessa shouts!
There are monsters nearby!
Dowan casts a spell at you. The puff of frost hits you.
There are monsters nearby!
A dart slug comes into view.
There are monsters nearby!
You closely miss Dowan. You block Dowan's attack.
You slash Duvessa!
Duvessa is moderately wounded.
You barely miss Dowan. Dowan closely misses you. You furiously retaliate!
You headbutt Dowan! Duvessa hits you but does no damage.
Dowan hits you but does no damage. Duvessa hits you but does no damage.
You barely miss Dowan.
Dowan is heavily wounded.
You barely miss Duvessa. Dowan gestures at you while chanting.
The puff of flame hits you. Duvessa hits you with a +0 short sword!
You closely miss Dowan. You headbutt Dowan!
You kill Dowan!
Duvessa weeps, and shakes her weapon.
Duvessa goes berserk!
You hit Duvessa.
Duvessa hits you with a +0 short sword! x2
You have reached level 6!
You are too injured to fight recklessly!
You are too injured to fight recklessly!
You are too injured to fight recklessly!
You feel very mighty all of a sudden. Duvessa hits you but does no damage.
You slash Duvessa! You headbutt Duvessa.
Duvessa is severely wounded.
You barely miss the dart slug. Duvessa hits you with a +0 short sword!
* * * LOW HITPOINT WARNING * * *
Duvessa hits you but does no damage. You block the dart slug's attack.
You barely miss Duvessa.
Duvessa is severely wounded.
You slash the dart slug! Duvessa hits you but does no damage.
Duvessa hits you with a +0 short sword.
* * * LOW HITPOINT WARNING * * *
The dart slug bites you.
You die...

≈≈≈≈≈≈≈≈ ## ..≈≈≈..#.
#..## ...#... ....
....... ...# ####...#
...# ####...# #..#
.......# #..# #
#####..#### ####.e#..# #
#.....###...@w...#
#####.........##........
..............†.....###.
#####......#...........
..................#####
#################.# ..<
####


You could see Duvessa (berserk) and a dart slug.

Vanquished Creatures
  A scorpion (D:3)
  Dowan (D:4)
  A jelly (D:4)
  An orc priest (D:4)
  6 adders
  An ufetubus (D:4)
  A worm (D:2)
  2 dart slugs
  3 orcs
  7 endoplasms
  2 giant cockroaches (D:2)
  3 goblins
  7 hobgoblins
  8 kobolds
  2 quokkas
  8 ball pythons
  6 bats
  7 frilled lizards
  5 rats
72 creatures vanquished.

Vanquished Creatures (others)
  2 plants
2 creatures vanquished.

Grand Total: 74 creatures vanquished

Notes
Turn   | Place    | Note
-------+----------+-------------------------------------------
     0 | D:1      | KateP the Minotaur Fighter began the quest for the Orb.
     0 | D:1      | Reached XP level 1. HP: 19/19 MP: 0/0
   330 | D:1      | You fall into a shaft and drop 1 floor!
   349 | D:2      | Reached XP level 2. HP: 21/27 MP: 1/1
   760 | D:2      | Reached XP level 3. HP: 31/33 MP: 2/2
   868 | D:1      | Found a faded altar of an unknown god.
  2049 | D:3      | Reached XP level 4. HP: 37/40 MP: 3/3
  2358 | D:3      | Noticed a scorpion
  2367 | D:3      | Killed a scorpion
  2368 | D:3      | Reached XP level 5. HP: 46/47 MP: 4/4
  2465 | D:3      | Reached skill level 5 in Axes
  2786 | D:4      | Reached skill level 5 in Armour
  2973 | D:4      | Reached skill level 5 in Fighting
  3069 | D:4      | Noticed Dowan
  3070 | D:4      | Noticed Duvessa
  3076 | D:4      | Killed Dowan
  3077 | D:4      | Reached XP level 6. HP: 19/56 MP: 5/5
  3079 | D:4      | HP: 2/56 [Duvessa/+0 short sword (3)]
  3079 | D:4      | Slain by a dart slug

Illustrated notes

Levels and vault maps discovered:
D:1:      sevenhm_arrival_forest_fort_small_5, layout_basic,
          shapermc_ecumenical_altar_starsandcircs
D:2:      layout_loops_corners, serial_bayou_pond_d
D:3:      layout_rooms, minmay_misc_feat_five, serial_bayou_crossing
D:4:      cheibrodos_thug_alley, layout_loops_ring,
          nicolae_hepliaklqana_monster_ancestors, uniq_duvessa

Skill      XL: |  1  2  3  4  5 |
---------------+----------------+-----
Axes           | 3 4 5 |  5.8
Armour         | 4 5 |  5.1
Fighting       | 4 5 |  5.1
Shields        | |  3.6

Action                   |  1- 3 |  4- 6 || total
-------------------------+-------+-------++-------
Melee: War axe           |    98 |    69 ||   167
       Headbutt          |    12 |    12 ||    24
  Use: Potion            |       |     1 ||     1
Armor: Scale mail        |    42 |    36 ||    78
Dodge: Dodged            |    41 |    36 ||    77
Block: Buckler           |    25 |    13 ||    38

Table legend: (Time is in decaauts)
 A = Elapsed time spent in this place.
 B = Non-inter-level travel time spent in this place.
 C = Inter-level travel time spent in this place.
 D = Time resting spent in this place.
 E = Time spent auto-exploring this place.
 F = Levels seen in this place.
 G = Mean time per level.
                   A        B        C        D        E       F      G
               +--------+--------+--------+--------+--------+-----+--------+
         Total |   3148 |   3148 |      0 |      2 |   2582 |   4 |  787.0 |
       Dungeon |   3148 |   3148 |      0 |      2 |   2582 |   4 |  787.0 |
               +--------+--------+--------+--------+--------+-----+--------+

Top non-repeatable levels by time:
     D:1: 1133 daAuts
     D:2: 920 daAuts
     D:3: 677 daAuts
     D:4: 416 daAuts
